 Dungeon Crawl Stone Soup version 0.21-a0-633-g4c047d5 (webtiles) character file.

7296 wvc the Protected (level 11, 0/87 HPs)
             Began as a Gnoll Wanderer on Dec 28, 2017.
             Was a High Priest of Okawaru.
             Slain by an orc warrior
             ... wielding a +0 war axe
              (14 damage)
             ... in a bailey.
             The game lasted 00:28:41 (8371 turns).

wvc the Protected (Gnoll Wanderer)                  Turns: 8371, Time: 00:28:41

Health: 0/87       AC: 21    Str: 15    XL:     11   Next: 13%
Magic:  15/19      EV: 18    Int: 17    God:    Okawaru [*****.]
Gold:   546        SH:  6    Dex: 15    Spells: 21/21 levels left

rFire    . . .     SeeInvis .   p - +5 flail (protect)
rCold    . . .     Gourm    .   E - +0 buckler
rNeg     . . .     Faith    +   d - +0 ring mail
rPois    .         Spirit   .   (no helmet)
rElec    .         Reflect  .   (no cloak)
rCorr    .         Harm     .   i - +0 pair of gloves
MR       .....                  U - +0 pair of boots {Fly}
Stlth    ++++......             m - amulet of faith
HPRegen  0.24/turn              g - +5 ring of protection
MPRegen  0.16/turn              Q - ring of Yliac {EV+4 Stlth+}

@: finesse, protection aura, hasted, very quick
A: distributed training, fangs 1, strong nose
a: Heroism, Finesse, Renounce Religion, Evoke Flight


You were in a bailey.
You worshipped Okawaru.
Okawaru was extremely pleased with you.
You were not hungry.

You visited 2 branches of the dungeon, and saw 9 of its levels.
You also visited: Sewer and Bailey.

You collected 546 gold pieces.

Inventory:

Hand Weapons
 a - a +2 shortbow of flaming
 p - a +5 flail of protection (weapon)
 s - a +0 trident
 u - a +0 blowgun
 v - a +2 flail of holy wrath
 C - a +1 falchion of protection
Missiles
 b - 53 arrows
 k - 26 poisoned needles
 K - 12 javelins (quivered)
 W - 5 silver javelins
Armour
 d - a +0 ring mail (worn)
 i - a +0 pair of gloves (worn)
 E - a +0 buckler (worn)
 U - a +0 pair of boots of flying (worn)
Jewellery
 g - a +5 ring of protection (left hand)
 l - an uncursed ring of resist corrosion {unknown}
 m - an amulet of faith (around neck)
 t - a +5 ring of strength
 w - an uncursed ring of wizardry
 F - an uncursed amulet of rage
 L - an uncursed amulet of the gourmand {unknown}
 Q - the ring of Yliac (right hand) {EV+4 Stlth+}
   (You found it on level 6 of the Dungeon)

   [ring of evasion]

   It affects your evasion (+4).
   It makes you more stealthy.
 R - an uncursed ring of flight
Wands
 D - a wand of random effects (34)
 J - a wand of flame (29)
 O - a wand of paralysis (13)
 S - a wand of digging (15)
 T - a wand of iceblast (7)
Scrolls
 n - 3 scrolls of remove curse
 y - 6 scrolls of teleportation
 H - 4 scrolls of blinking
 M - 2 scrolls of amnesia
 V - a scroll of fog {unknown}
Potions
 c - 2 potions of lignification
 e - a potion of mutation
 h - 2 potions of resistance
 j - a potion of curing
 o - 2 potions of cancellation
 r - a potion of berserk rage
 x - 3 potions of magic
 z - 3 potions of flight
 B - a potion of brilliance {unknown}
 G - 3 potions of ambrosia
 I - 2 potions of might {unknown}
 X - a potion of experience {unknown}
Books
 N - a book of Geomancy

   Spells                             Type                      Level
   a - Sandblast                      Earth                        1
   b - Passwall                       Transmutation/Earth          2
   c - Stone Arrow                    Conjuration/Earth            3
   d - Petrify                        Transmutation/Earth          4
   e - Lee's Rapid Deconstruction     Earth                        5
 P - a book of Callings

   Spells                             Type                      Level
   a - Summon Small Mammal            Summoning                    1
   b - Call Imp                       Summoning                    2
   c - Call Canine Familiar           Summoning                    3
   d - Summon Guardian Golem          Hexes/Summoning              3
   e - Summon Lightning Spire         Summoning/Air                4
   f - Summon Ice Beast               Ice/Summoning                4
Comestibles
 f - 22 rations


   Skills:
 + Level 8.9 Fighting
 + Level 5.9 Short Blades
 + Level 5.9 Long Blades
 + Level 5.9 Axes
 + Level 5.9 Maces & Flails
 + Level 5.9 Polearms
 + Level 5.9 Staves
 + Level 5.9 Slings
 + Level 7.5 Bows
 + Level 5.9 Crossbows
 + Level 5.9 Throwing
 + Level 8.9 Armour
 + Level 5.9 Dodging
 + Level 5.9 Stealth
 + Level 6.5 Shields
 + Level 5.9 Unarmed Combat
 + Level 5.9 Spellcasting
 + Level 4.8 Conjurations
 + Level 4.8 Hexes
 + Level 4.8 Charms
 + Level 4.8 Summonings
 + Level 4.8 Necromancy
 + Level 4.8 Translocations
 + Level 4.8 Transmutations
 + Level 4.8 Fire Magic
 + Level 4.8 Ice Magic
 + Level 4.8 Air Magic
 + Level 4.8 Earth Magic
 + Level 4.8 Poison Magic
 + Level 6.4 Invocations
 + Level 6.5 Evocations


You had 21 spell levels left.
You didn't know any spells.

Dungeon Overview and Level Annotations

Branches:
Dungeon (8/15)             Temple (1/1) D:6
   Lair: D:8-11

Altars:
Ashenzari
Cheibriados
Dithmenos
Elyvilon
Fedhas
Gozag
Hepliaklqana
Kikubaaqudgha
Makhleb
Nemelex Xobeh
Okawaru
Qazlal
Ru
Sif Muna
Trog
Uskayaw
Vehumet
Wu Jian
Xom
Yredelemnul
Zin
The Shining One

Shops:
D:7 %


Innate Abilities, Weirdness & Mutations

Your experience applies equally to all skills.
You have very sharp teeth.
Your uncanny sense of smell can sniff out nearby items.


Message History

You hit the orc warrior but do no damage.
You bite the orc warrior, but do no damage.
You hit the orc warrior but do no damage.
The orc no longer looks unusually strong.
The gnoll completely misses you. You block the orc warrior's attack.
The orc misses you.
An orc comes into view. It is wielding a hand axe.
You sock the orc warrior! Your bite misses the orc warrior.
The orc warrior is moderately wounded.
A goblin comes into view. It is wielding a hand axe.
You sock the orc warrior! Your bite misses the orc warrior.
The orc warrior is severely wounded.
The gnoll misses you. The orc warrior misses you. You block the orc's attack.
You closely miss the orc warrior.
The orc warrior is severely wounded.
You hit the orc warrior but do no damage.
The orc warrior is severely wounded.
The gnoll barely misses you.
The orc warrior hits you with a war axe!
You die...

..........8#... ∆∆#.
∩....⌠.....'. ∆∆#.
......g...8# ∆∆#.
..........8# ∆∆#.
#.........### ∆###
###...oo###.### ###.#
###.#g#.....###
###....
###go)......###......
#.o@........#.......
#.....).....#.)....)
#.....⌠.....#))...⌠.
#...........))......
#...........#)......
##.........###......
###.....### ###....
###.### ###.# ### ###


You could see 2 orc warriors, a gnoll, 2 orcs and 2 goblins.

Vanquished Creatures
  2 two-headed ogres (D:8)
  3 orc knights (Bailey)
  Grinder (D:6)
  2 hippogriffs (D:7)
  A wyvern (D:8)
  A spriggan (D:7)
  Menkaure (D:6)
  Edmund (D:4)
  2 porcupines (D:8)
  Duvessa (D:6)
  3 phantoms
  5 orc warriors (Bailey)
  A sky beast (D:7)
  An ice beast (D:5)
  A centaur (D:8)
  2 ogres
  The ghost of polythemia the Cudgeler, an amateur GrGl (D:3)
  4 bullfrogs
  Dowan (D:6)
  A scorpion (D:4)
  4 killer bees (D:4)
  4 howler monkeys
  3 wights (D:8)
  A bullfrog zombie (D:6)
  3 hounds
  A jelly (D:7)
  A gnoll shaman (D:8)
  4 orc wizards
  A centaur skeleton (D:5)
  3 orc priests
  2 iguanas
  Terence (D:2)
  8 worker ants
  2 hound skeletons
  13 adders
  13 gnolls
  3 shadow imps
  7 oozes
  An adder zombie (D:7)
  3 worms (Sewer)
  2 dart slugs
  9 leopard geckos
  42 orcs
  16 bats
  13 giant cockroaches
  20 goblins
  23 hobgoblins
  16 jackals
  9 kobolds
  A quokka (D:8)
  3 ball pythons (Sewer)
  9 frilled lizards
  2 leopard gecko skeletons
  A quokka skeleton (D:6)
  7 rats
286 creatures vanquished.

Vanquished Creatures (others)
  6 fungi (D:8)
  4 plants (D:8)
10 creatures vanquished.

Grand Total: 296 creatures vanquished

Notes
Turn   | Place    | Note
-------+----------+-------------------------------------------
     0 | D:1      | wvc the Gnoll Wanderer began the quest for the Orb.
     0 | D:1      | wvc set off with: a +2 shortbow, 30 arrows, a potion of lignification, a +0 ring mail, a ration
     0 | D:1      | Reached XP level 1. HP: 23/23 MP: 2/2
    55 | D:1      | Reached XP level 2. HP: 29/29 MP: 3/3
   228 | D:1      | Reached XP level 3. HP: 35/35 MP: 4/4
   613 | D:2      | Reached skill level 1 in Invocations
   618 | D:2      | Reached skill level 1 in Short Blades
   618 | D:2      | Reached skill level 1 in Long Blades
   618 | D:2      | Reached skill level 1 in Axes
   618 | D:2      | Reached skill level 1 in Maces & Flails
   618 | D:2      | Reached skill level 1 in Polearms
   618 | D:2      | Reached skill level 1 in Staves
   618 | D:2      | Reached skill level 1 in Slings
   618 | D:2      | Reached skill level 1 in Crossbows
   618 | D:2      | Reached skill level 1 in Throwing
   618 | D:2      | Reached skill level 1 in Dodging
   618 | D:2      | Reached skill level 1 in Stealth
   618 | D:2      | Reached skill level 1 in Unarmed Combat
   618 | D:2      | Reached skill level 1 in Spellcasting
   625 | D:2      | Reached XP level 4. HP: 41/41 MP: 4/6
   904 | D:2      | Noticed Terence
   923 | D:2      | Killed Terence
   923 | D:2      | Reached skill level 1 in Conjurations
   923 | D:2      | Reached skill level 1 in Hexes
   923 | D:2      | Reached skill level 1 in Charms
   923 | D:2      | Reached skill level 1 in Summonings
   923 | D:2      | Reached skill level 1 in Necromancy
   923 | D:2      | Reached skill level 1 in Translocations
   923 | D:2      | Reached skill level 1 in Transmutations
   923 | D:2      | Reached skill level 1 in Fire Magic
   923 | D:2      | Reached skill level 1 in Ice Magic
   923 | D:2      | Reached skill level 1 in Air Magic
   923 | D:2      | Reached skill level 1 in Earth Magic
   923 | D:2      | Reached skill level 1 in Poison Magic
  1346 | D:2      | Reached XP level 5. HP: 47/47 MP: 7/7
  2460 | D:3      | Noticed polythemia's ghost (amateur GrGl)
  2478 | D:3      | Killed polythemia's ghost
  2478 | D:3      | Reached XP level 6. HP: 46/53 MP: 6/8
  2995 | D:4      | Reached skill level 5 in Bows
  3095 | D:4      | Found a glowing drain.
  3117 | Sewer    | Entered a sewer
  3703 | D:4      | Reached XP level 7. HP: 59/59 MP: 10/10
  4236 | D:5      | Entered Level 5 of the Dungeon
  4316 | D:5      | Noticed Edmund
  4387 | D:4      | Killed Edmund
  4387 | D:4      | Reached XP level 8. HP: 58/67 MP: 9/12
  4752 | D:5      | Found a hide-covered altar of Uskayaw.
  4762 | D:5      | Found a glowing silver altar of Zin.
  4762 | D:5      | Found a burning altar of Makhleb.
  4762 | D:5      | Found a blossoming altar of Fedhas.
  4768 | D:5      | Found a basalt altar of Yredelemnul.
  4768 | D:5      | Found an ornate altar of the Wu Jian Council.
  4942 | D:6      | Noticed Dowan
  4944 | D:6      | Noticed Duvessa
  4979 | D:6      | Killed Duvessa
  4987 | D:6      | Killed Dowan
  5036 | D:6      | Noticed Menkaure
  5055 | D:6      | Killed Menkaure
  5280 | D:6      | Found a staircase to the Ecumenical Temple.
  5288 | Temple   | Entered the Ecumenical Temple
  5359 | Temple   | Became a worshipper of Warmaster Okawaru
  5582 | D:6      | Reached XP level 9. HP: 65/72 MP: 12/14
  5592 | D:6      | Noticed Grinder
  5774 | D:6      | Got a steaming lapis lazuli ring
  5795 | D:6      | Identified the ring of Yliac {EV+4 Stlth+} (You found it on level 6 of the Dungeon)
  6065 | D:6      | Killed Grinder
  6065 | D:6      | Reached * piety under Okawaru
  6149 | D:7      | Found a white marble altar of Elyvilon.
  6218 | D:7      | Reached skill level 5 in Shields
  6218 | D:7      | Reached skill level 5 in Evocations
  6248 | D:7      | Found a shadowy altar of Dithmenos.
  6460 | D:7      | Reached ** piety under Okawaru
  6586 | D:7      | Reached skill level 5 in Invocations
  6595 | D:7      | Found Kyxkesel's Food Boutique.
  6841 | D:8      | Noticed a two-headed ogre
  6853 | D:8      | Killed a two-headed ogre
  6853 | D:8      | Reached *** piety under Okawaru
  6853 | D:8      | Reached XP level 10. HP: 56/80 MP: 15/17
  6974 | D:8      | Reached **** piety under Okawaru
  6974 | D:8      | Reached skill level 5 in Short Blades
  6974 | D:8      | Reached skill level 5 in Long Blades
  6974 | D:8      | Reached skill level 5 in Axes
  6974 | D:8      | Reached skill level 5 in Maces & Flails
  6974 | D:8      | Reached skill level 5 in Polearms
  6974 | D:8      | Reached skill level 5 in Staves
  6974 | D:8      | Reached skill level 5 in Slings
  6974 | D:8      | Reached skill level 5 in Crossbows
  6974 | D:8      | Reached skill level 5 in Throwing
  6974 | D:8      | Reached skill level 5 in Dodging
  6974 | D:8      | Reached skill level 5 in Stealth
  6974 | D:8      | Reached skill level 5 in Unarmed Combat
  6974 | D:8      | Reached skill level 5 in Spellcasting
  7502 | D:8      | Noticed a two-headed ogre
  7526 | D:8      | Killed a two-headed ogre
  7526 | D:8      | Received a gift from Okawaru
  7526 | D:8      | Reached ***** piety under Okawaru
  7549 | D:8      | Found a flagged portal.
  7556 | Bailey   | Entered a bailey
  7991 | Bailey   | Noticed an orc knight
  8020 | Bailey   | Killed an orc knight
  8020 | Bailey   | Received a gift from Okawaru
  8310 | Bailey   | Noticed an orc knight
  8326 | Bailey   | Noticed an orc knight
  8341 | Bailey   | Killed an orc knight
  8341 | Bailey   | Reached XP level 11. HP: 47/87 MP: 12/19
  8364 | Bailey   | Killed an orc knight
  8371 | Bailey   | Slain by an orc warrior

Vault maps used:
D:1:      minmay_arrival_plants_in_alcoves
D:2:      serial_co_window_serial, co_window_paths_a,
          co_window_of_opportunity_a, co_window_corner_a, co_window_paths_a,
          co_window_of_opportunity_a, co_window_corner_cb, co_window_cross_2,
          co_window_unsneaky_path_d, co_window_2corner, co_window_4corner_b,
          glass_columns_a, glass_columns_c, roderic_roman_lattice, uniq_terence
D:3:      kennysheep_generic_room_11
D:4:      gup_sewer_entry_pipe
D:5:      minmay_overflow_temple_hex, first_ration, st_stairs_10, uniq_edmund
D:6:      minmay_temple_entry_junction, grunt_ministairs_4,
          lightli_corner_chamber, uniq_grinder, uniq_duvessa, uniq_menkaure
D:7:      elyvilon_altar_4, nicolae_dithmenos_shadow_blocks, serial_shops,
          kennysheep_little_box, the_bakery
D:8:      grunt_lair_entry_orc_guard_hut, enter_bailey_3
Temple:   eino_temple_lava
Sewer:    sewer_fruit_machine
Bailey:   bailey_axe_minmay_hex_keep, bailey

Skill      XL: |  1  2  3  4  5  6  7  8  9 10 |
---------------+-------------------------------+-----
Invocations    | 1 2 3 4 5 6 |  6.4
Short Blades   | 1 2 3 4 5 |  5.9
Long Blades    | 1 2 3 4 5 |  5.9
Axes           | 1 2 3 4 5 |  5.9
Maces & Flails | 1 2 3 4 5 |  5.9
Polearms       | 1 2 3 4 5 |  5.9
Staves         | 1 2 3 4 5 |  5.9
Slings         | 1 2 3 4 5 |  5.9
Crossbows      | 1 2 3 4 5 |  5.9
Throwing       | 1 2 3 4 5 |  5.9
Dodging        | 1 2 3 4 5 |  5.9
Stealth        | 1 2 3 4 5 |  5.9
Unarmed Combat | 1 2 3 4 5 |  5.9
Spellcasting   | 1 2 3 4 5 |  5.9
Conjurations   | 1 2 3 4 |  4.8
Hexes          | 1 2 3 4 |  4.8
Charms         | 1 2 3 4 |  4.8
Summonings     | 1 2 3 4 |  4.8
Necromancy     | 1 2 3 4 |  4.8
Translocations | 1 2 3 4 |  4.8
Transmutations | 1 2 3 4 |  4.8
Fire Magic     | 1 2 3 4 |  4.8
Ice Magic      | 1 2 3 4 |  4.8
Air Magic      | 1 2 3 4 |  4.8
Earth Magic    | 1 2 3 4 |  4.8
Poison Magic   | 1 2 3 4 |  4.8
Shields        | 3 4 5 6 |  6.5
Evocations     | 3 4 5 6 |  6.5
Bows           | 5 6 7 |  7.5
Fighting       | 7 8 |  8.9
Armour         | 7 8 |  8.9

Action                   |  1- 3 |  4- 6 |  7- 9 | 10-12 || total
-------------------------+-------+-------+-------+-------++-------
Melee: Dagger            |       |   179 |    64 |       ||   243
       Bite              |       |    26 |    41 |    35 ||   102
       Punch             |       |     2 |     2 |       ||     4
       Shortbow          |       |       |     1 |       ||     1
       Flail             |       |       |   270 |   363 ||   633
 Fire: Shortbow          |    74 |   156 |    45 |       ||   275
Throw: Javelin           |       |       |     7 |       ||     7
Invok: Heroism           |       |       |       |     4 ||     4
       Finesse           |       |       |       |     2 ||     2
 Abil: Stop Flying       |       |       |     1 |       ||     1
  Use: Scroll            |       |    10 |     9 |     1 ||    20
       Potion            |       |     4 |     1 |     2 ||     7
 Stab: Sleeping          |       |       |     4 |       ||     4
       Distracted        |       |       |     1 |       ||     1
  Eat: Ration            |       |     2 |     2 |     1 ||     5
       Chunk             |       |     1 |     5 |     2 ||     8
Armor: Ring mail         |     2 |   118 |   132 |   109 ||   361
       Skin              |       |    10 |    29 |       ||    39
Dodge: Dodged            |     3 |   144 |   247 |   338 ||   732
Block: Buckler           |       |       |    24 |   108 ||   132

Table legend:
 A = Spawn XP
 B = Non-spawn XP
 C = Spawn XP percentage of total XP
 D = Spawn monster count
 E = Non-spawn monster count
 F = Spawn count percentage of total count
 G = Total turns spent on level
                    A         B        C        D         E        F      G
               +---------+---------+-------+---------+---------+-------+---------
         Total |       0 |   10424 |   0.0 |       0 |     286 |   0.0 |  8371
               +---------+---------+-------+---------+---------+-------+---------
           D:1 |       0 |      52 |   0.0 |       0 |      28 |   0.0 |   610
           D:2 |       0 |     177 |   0.0 |       0 |      38 |   0.0 |  1333
           D:3 |       0 |     147 |   0.0 |       0 |      14 |   0.0 |   983
           D:4 |       0 |     742 |   0.0 |       0 |      32 |   0.0 |   858
           D:5 |       0 |     631 |   0.0 |       0 |      28 |   0.0 |   639
           D:6 |       0 |    1261 |   0.0 |       0 |      25 |   0.0 |  1056
           D:7 |       0 |    1278 |   0.0 |       0 |      17 |   0.0 |   905
           D:8 |       0 |    3341 |   0.0 |       0 |      33 |   0.0 |   560
         Sewer |       0 |      83 |   0.0 |       0 |      25 |   0.0 |   531
        Bailey |       0 |    2712 |   0.0 |       0 |      46 |   0.0 |   815
               +---------+---------+-------+---------+---------+-------+---------
